[gd_scene load_steps=16 format=2]

[ext_resource path="res://Models/enemy1.obj" type="ArrayMesh" id=1]
[ext_resource path="res://Scripts/enemyzombie.gd" type="Script" id=2]

[sub_resource type="SpatialMaterial" id=1]
albedo_color = Color( 0.407843, 0.4, 0.4, 1 )

[sub_resource type="SpatialMaterial" id=2]
albedo_color = Color( 0.243137, 0.588235, 0.0862745, 1 )
metallic_specular = 0.0

[sub_resource type="SpatialMaterial" id=3]
albedo_color = Color( 0.25098, 0.215686, 0.215686, 1 )

[sub_resource type="SpatialMaterial" id=4]
albedo_color = Color( 0.0666667, 0.54902, 0.427451, 1 )

[sub_resource type="SpatialMaterial" id=5]
albedo_color = Color( 0.207843, 0.14902, 0.14902, 1 )

[sub_resource type="SpatialMaterial" id=6]
albedo_color = Color( 0.713726, 0.0431373, 0.0431373, 1 )

[sub_resource type="SpatialMaterial" id=7]
albedo_color = Color( 0.741176, 0.682353, 0.682353, 1 )

[sub_resource type="SpatialMaterial" id=8]
albedo_color = Color( 0.560784, 0.858824, 0.427451, 1 )

[sub_resource type="SpatialMaterial" id=9]
albedo_color = Color( 1, 0.156863, 0.156863, 1 )

[sub_resource type="CapsuleShape" id=10]
radius = 0.585357
height = 1.46464

[sub_resource type="CylinderShape" id=11]
radius = 6.0

[sub_resource type="BoxShape" id=12]
extents = Vector3( 0.305479, 1.21265, 0.577727 )

[sub_resource type="Animation" id=13]
resource_name = "death"
length = 0.5
tracks/0/type = "transform"
tracks/0/path = NodePath("enemy1")
tracks/0/interp = 1
tracks/0/loop_wrap = true
tracks/0/imported = false
tracks/0/enabled = true
tracks/0/keys = PoolRealArray(  )
tracks/1/type = "value"
tracks/1/path = NodePath("enemy1:rotation_degrees")
tracks/1/interp = 1
tracks/1/loop_wrap = true
tracks/1/imported = false
tracks/1/enabled = true
tracks/1/keys = {
"times": PoolRealArray( 0, 0.5 ),
"transitions": PoolRealArray( 1, 1 ),
"update": 0,
"values": [ Vector3( 0, 0, 0 ), Vector3( 90, 0, 0 ) ]
}

[node name="KinematicBody" type="KinematicBody" groups=[
"enemy",
]]
script = ExtResource( 2 )

[node name="enemy1" type="MeshInstance" parent="."]
transform = Transform( 0.999995, 0, 0, 0, 1, 0, 0, 0, 0.999995, 0, 0, 0 )
mesh = ExtResource( 1 )
material/0 = SubResource( 1 )
material/1 = SubResource( 2 )
material/2 = SubResource( 3 )
material/3 = SubResource( 4 )
material/4 = SubResource( 5 )
material/5 = SubResource( 6 )
material/6 = SubResource( 7 )
material/7 = SubResource( 8 )
material/8 = SubResource( 9 )

[node name="CollisionShape" type="CollisionShape" parent="."]
transform = Transform( 1, 0, 0, 0, -4.37114e-08, 1, 0, -1, -4.37114e-08, 0, 1.24124, 0 )
shape = SubResource( 10 )

[node name="Area" type="Area" parent="."]

[node name="CollisionShape" type="CollisionShape" parent="Area"]
transform = Transform( 1, 0, 0, 0, 1, 0, 0, 0, 1, 0, 1.68088, 0 )
shape = SubResource( 11 )

[node name="AttackArea" type="Area" parent="."]

[node name="CollisionShape" type="CollisionShape" parent="AttackArea"]
transform = Transform( 1, 0, 0, 0, 1, 0, 0, 0, 1, -0.420637, 1.46447, 0 )
shape = SubResource( 12 )

[node name="AnimationPlayer" type="AnimationPlayer" parent="."]
anims/death = SubResource( 13 )

[connection signal="area_entered" from="Area" to="." method="_on_Area_area_entered"]
[connection signal="area_exited" from="Area" to="." method="_on_Area_area_exited"]
[connection signal="body_entered" from="Area" to="." method="_on_Area_body_entered"]
[connection signal="body_exited" from="Area" to="." method="_on_Area_body_exited"]
[connection signal="body_entered" from="AttackArea" to="." method="_on_AttackArea_body_entered"]
[connection signal="body_exited" from="AttackArea" to="." method="_on_AttackArea_body_exited"]
